Map: Lerilak Crest

Players

Chiripiorko - Winner!

  • Race: Protoss Protoss
  • League: Platinum

Grumm

  • Race: Protoss Protoss
  • League: Gold

VOD

Have the link to the VOD?

Description

Time

  • Played on: Jan. 26, 2016, 6:29 p.m.
  • Length: 17:07
Show
View Real Time Build Order
Export as new Build Order

Chiripiorko Protoss - Winner!

Build Orders: Oracle Opening 

Get SALT Encoding   

  12  0:01  Probe (Chrono Boost)  
  13  0:14  Pylon  
  13  0:20  Probe (Chrono Boost)  
  14  0:33  Gateway  
  14  0:39  Assimilator  
  14  0:41  Probe (Chrono Boost)  
  15  0:52  Probe (Chrono Boost)  
  16  1:02  Probe (Chrono Boost)  
  17  1:13  Probe (Chrono Boost)  
  17  1:14  Gateway  
  18  1:20  Cybernetics Core  
  18  1:24  Probe (Chrono Boost)  
  19  1:38  Assimilator  
  19  1:44  Probe (Chrono Boost)  
  20  1:48  Pylon  
  20  1:57  Adept  
  22  2:06  Adept  
  24  2:11  Warp Gate (Chrono Boost)  
  24  2:17  Mothership Core (Chrono Boost)  
  26  2:33  Pylon  
  26  2:44  Zealot x2  
  30  2:51  Stargate  
  30  3:06  Forge  
  30  3:16  Stalker x2  
  34  3:36  Oracle (Chrono Boost)  
  37  4:04  Nexus  
  32  4:53  Photon Cannon  
  32  5:02  Pylon, Stalker x2  
  32  5:03  Pylon  
  32  5:06  Pylon, Protoss Ground Weapons Level 1  
  36  5:19  Probe  
  36  5:20  Probe  
  38  5:37  Probe x2 (Chrono Boost)  
  40  5:48  Probe x2 (Chrono Boost)  
  42  5:58  Probe x2 (Chrono Boost)  
  44  6:09  Probe x2 (Chrono Boost)  
  44  6:10  Twilight Council  
  46  6:19  Probe x2 (Chrono Boost)  
  46  6:22  Assimilator  
  48  6:26  Assimilator  
  48  6:30  Pylon, Probe x2 (Chrono Boost)  
  48  6:31  Pylon  
  50  6:40  Robotics Facility  
  50  6:42  Probe x2 (Chrono Boost)  
  52  6:59  Probe (Chrono Boost)  
  52  7:00  Probe (Chrono Boost)  
  52  7:01  Protoss Ground Weapons Level 2  
  54  7:03  Blink  
  54  7:22  Nexus  
  54  7:28  Observer  
  55  7:30  Stalker  
  55  7:31  Stalker  
  55  7:33  Probe x2 (Chrono Boost)  
  61  7:44  Probe x2 (Chrono Boost)  
  63  7:48  Robotics Bay  
  63  7:51  Observer  
  64  7:56  Stalker  
  64  7:57  Stalker  
  68  8:25  Observer  
  69  8:29  Stalker x2  
  73  8:40  Probe (Chrono Boost)  
  73  8:41  Probe x2 (Chrono Boost)  
  76  8:45  Disruptor (Chrono Boost)  
  79  8:50  Probe x2 (Chrono Boost)  
  79  8:51  Probe (Chrono Boost)  
  82  9:00  Probe x2  
  82  9:02  Pylon  
  84  9:03  Probe  
  84  9:05  Pylon  
  84  9:06  Pylon  
  85  9:10  Pylon, Probe x2  
  85  9:15  Pylon, Probe  
  88  9:19  Assimilator  
  88  9:20  Protoss Ground Weapons Level 3  
  88  9:21  Probe x2  
  90  9:24  Assimilator  
  90  9:27  Probe  
  91  9:34  Photon Cannon  
  91  9:40  Photon Cannon  
  91  9:42  Gateway  
  91  9:45  Gateway  
  91  9:46  Gateway  
  91  9:49  Gateway  
  91  9:50  Gateway  
  91  10:02  Stalker x2  
  95  10:13  Disruptor (Chrono Boost)  
  98  10:20  Gateway  
  98  10:22  Gateway  
  98  10:24  Gateway  
  98  10:27  Gateway  
  98  10:30  Pylon  
  98  10:31  Photon Cannon  
  98  10:34  Pylon  
  98  10:39  Charge  
  98  10:55  Stalker  
  98  10:56  Stalker x6  
  112  11:09  Nexus  
  112  11:19  Disruptor (Chrono Boost)  
  115  11:31  Forge  
  115  11:34  Forge  
  115  11:37  Pylon  
  115  11:39  Templar Archives  
  115  11:42  Pylon  
  115  11:43  Gateway  
  115  11:44  Gateway  
  115  11:58  Zealot x4  
  115  11:59  Zealot x3  
  129  12:04  Stalker  
  131  12:12  Protoss Shields Level 1, Protoss Ground Armor Level 1  
  129  12:43  Zealot x4  
  129  12:44  Zealot x7  
  135  13:13  High Templar x9  
  135  13:14  High Templar x2  
  135  13:17  Archon x2  
  135  13:18  Archon x3  
  157  13:26  Assimilator  
  157  13:30  Assimilator  
  157  13:32  Pylon  
  156  13:37  Pylon  
  156  13:40  Pylon  
  156  13:43  Pylon  
  156  13:44  Pylon  
  156  14:02  Robotics Facility  
  156  14:07  Zealot x2  
  156  14:08  Zealot x8  
  156  14:09  Zealot  
  178  14:13  Protoss Shields Level 2, Protoss Ground Armor Level 2  
  167  14:41  Stalker x3  
  167  14:42  Stalker x7  
  151  15:09  Zealot x8  
  151  15:10  Zealot x2  
  151  15:11  Zealot  
  173  15:35  High Templar x3  
  175  15:36  High Templar x3  
  175  15:37  Zealot x2  
  175  15:38  Zealot x3  
  175  15:40  Archon x3  
  195  15:59  Observer Gravitic Boosters  
  193  16:35  Stalker x2  
  193  16:36  Stalker  
  199  16:56  Nexus  
  199  17:00  Assimilator  
  190  17:05  Assimilator  
Show
View Real Time Build Order
Export as new Build Order

Grumm Protoss 

Build Orders:  

Get SALT Encoding   

  12  0:01  Probe (Chrono Boost)  
  13  0:11  Probe (Chrono Boost)  
  14  0:24  Pylon  
  14  0:27  Probe (Chrono Boost)  
  15  0:32  Assimilator  
  15  0:42  Probe (Chrono Boost)  
  16  0:47  Gateway  
  16  0:53  Probe (Chrono Boost)  
  17  1:03  Probe (Chrono Boost)  
  18  1:12  Gateway  
  18  1:17  Pylon  
  19  1:18  Probe (Chrono Boost)  
  19  1:29  Probe (Chrono Boost)  
  20  1:37  Zealot  
  22  1:49  Probe (Chrono Boost)  
  22  1:51  Cybernetics Core  
  22  1:53  Assimilator  
  23  2:18  Zealot  
  27  2:27  Adept  
  27  2:35  Nexus  
  27  2:42  Probe (Chrono Boost)  
  28  2:49  Warp Gate (Chrono Boost)  
  28  2:50  Adept  
  30  3:07  Forge  
  30  3:12  Pylon  
  30  3:19  Probe  
  31  3:29  Stalker  
  33  3:34  Stalker  
  35  3:49  Mothership Core  
  35  3:52  Pylon  
  36  3:57  Probe  
  37  4:10  Probe  
  16  4:42  Probe  
  16  4:43  Probe  
  16  4:49  Photon Cannon  
  16  4:53  Probe  
  16  4:55  Probe  
  18  5:03  Probe (Chrono Boost)  
  18  5:06  Photon Cannon  
  19  5:07  Probe (Chrono Boost)  
  20  5:20  Probe (Chrono Boost)  
  21  5:23  Probe (Chrono Boost)  
  22  5:30  Sentry x2  
  22  5:34  Probe (Chrono Boost)  
  27  5:38  Probe (Chrono Boost)  
  28  5:44  Probe (Chrono Boost)  
  28  5:48  Probe (Chrono Boost)  
  30  5:55  Probe (Chrono Boost)  
  30  5:57  Stalker  
  33  5:59  Probe (Chrono Boost)  
  34  6:05  Stalker  
  36  6:13  Pylon  
  36  6:15  Probe x2 (Chrono Boost)  
  38  6:26  Probe x2 (Chrono Boost)  
  40  6:35  Zealot  
  40  6:36  Probe x2 (Chrono Boost), Zealot  
  46  6:45  Probe (Chrono Boost), Protoss Ground Weapons Level 1 (Chrono Boost)  
  48  6:47  Probe (Chrono Boost)  
  48  6:56  Probe  
  49  7:02  Robotics Facility  
  49  7:10  Pylon  
  49  7:15  Gateway  
  49  7:22  Pylon  
  49  7:23  Probe  
  49  7:25  Twilight Council  
  49  7:28  Zealot  
  52  7:34  Probe x2  
  54  7:37  Assimilator  
  54  7:46  Probe  
  55  8:00  Probe  
  55  8:03  Probe  
  56  8:14  Pylon  
  56  8:17  Immortal  
  60  8:20  Charge (Chrono Boost)  
  60  8:31  Gateway x2  
  60  8:32  Protoss Ground Armor Level 1 (Chrono Boost)  
  60  8:34  Pylon, Photon Cannon  
  60  8:35  Probe  
  60  8:36  Probe  
  60  8:41  Zealot x2  
  66  8:50  Gateway  
  66  8:51  Gateway  
  66  8:55  Pylon  
  70  9:10  Immortal (Chrono Boost)  
  70  9:20  Assimilator  
  70  9:21  Pylon  
  70  9:27  Pylon  
  70  9:37  Zealot  
  70  9:38  Zealot x2  
  76  9:49  Photon Cannon  
  76  9:53  Robotics Facility  
  76  9:55  Probe x2  
  76  9:59  Photon Cannon  
  78  10:02  Photon Cannon  
  78  10:04  Pylon  
  78  10:08  Probe  
  78  10:09  Probe  
  78  10:11  Zealot  
  78  10:13  Sentry  
  84  10:14  Sentry  
  86  10:28  Warp Prism (Chrono Boost)  
  88  10:31  Resonating Glaives  
  87  11:00  Protoss Ground Weapons Level 2  
  87  11:01  Nexus  
  87  11:03  Adept  
  89  11:04  Adept  
  89  11:07  Observer (Chrono Boost)  
  96  11:14  Immortal (Chrono Boost)  
  96  11:21  Zealot x4  
  96  11:22  Zealot  
  106  11:28  Photon Cannon  
  106  11:43  Immortal (Chrono Boost)  
  110  11:49  Robotics Bay  
  110  12:11  Stalker x3  
  110  12:12  Stalker  
  86  12:56  Zealot x3  
  86  12:57  Zealot x4  
  85  13:01  Probe x2  
  85  13:04  Assimilator  
  75  13:05  Extended Thermal Lance  
  75  13:07  Assimilator  
  75  13:08  Colossus (Chrono Boost)  
  71  13:20  Adept x2  
  75  13:46  Probe x2  
  73  13:52  Stalker x3  
  73  13:53  Stalker x3  
  91  13:56  Colossus (Chrono Boost)  
  91  14:05  Stargate  
  91  14:07  Stargate  
  91  14:09  Pylon  
  91  14:11  Probe  
  91  14:12  Probe  
  91  14:13  Probe  
  94  14:22  Probe  
  95  14:24  Probe  
  95  14:27  Immortal (Chrono Boost)  
  64  15:09  Zealot x2  
  64  15:10  Zealot x5  
  78  15:24  Void Ray x2 (Chrono Boost)  
  86  15:38  Stargate  
  86  15:41  Stargate, Probe x3  
  86  15:42  Pylon  
  89  16:02  Void Ray (Chrono Boost)  
  89  16:03  Void Ray (Chrono Boost)  
  83  16:25  Stalker x3  
Tags
 
Add a new tag
Caveats
  • Supply blocks, unpowered buildings, or Contaminate may cause inaccurate times.
  • Supply counts are checked every 10 seconds.